3L
JACKSONVILLE SHARKS @ THUNDER BAY NORTHERN LIONS BC
08/01/2018
 
TOP OF THE 1ST
Jacksonville Sharks batting - Pitching for Thunder Bay Northern Lions BC : RHP Makoto Kato
Pitching: RHP Makoto Kato
Batting: SHB Gregg Wagner 0-0: Called Strike
0-1: Ball
1-1: Ball
2-1: SINGLE (Line Drive, 78M)
Batting: RHB Pedro Cruz 0-0: Ball
1-0: Foul Ball, location: 2F
1-1: Foul Ball, location: 2F
1-2: Ball
2-2: Ball
3-2: Reached on error, E2 (Groundball, 2L)
Gregg Wagner to second
Batting: RHB Luis Muńóz 0-0: Ball
1-0: Called Strike
1-1: Foul Ball, location: 2F
1-2: Ball
2-2: Foul Ball, location: 2F
2-2: SINGLE (Groundball, 56D)
Gregg Wagner to third
Pedro Cruz to second
Runner from 3rd tries for Home, SAFE, no throw or cutoff
Batting: RHB Bertrand Sunter 0-0: Swinging Strike
0-1: Called Strike
0-2: Strikes out swinging
Batting: SHB Dustin Tucker 0-0: Foul Ball, location: 2F
0-1: Foul Ball, location: 2F
0-2: Strikes out swinging
Batting: RHB Randolph Davis 0-0: Ball
1-0: Swinging Strike
1-1: Ball
2-1: Foul Ball, location: 2F
2-2: Ball
3-2: Fly out, F7 (Flyball, 7M)
Top of the 1st over - 1 run(s), 2 hit(s), 1 error(s), 2 left on base; Jacksonville 1 - Thunder Bay 0
BOTTOM OF THE 1ST
Thunder Bay Northern Lions BC batting - Pitching for Jacksonville Sharks : LHP Pat Horton
Pitching: LHP Pat Horton
Batting: LHB Arnold Cook 0-0: Swinging Strike
0-1: Ball
1-1: Ball
2-1: Foul Ball, location: 2F
2-2: Foul Ball, location: 2F
2-2: Ground out 4-3 (Groundball, 4M)
Batting: RHB Duncan Thomas 0-0: Ground out 6-3 (Groundball, 56)
Batting: LHB David Smith 0-0: Ball
1-0: Called Strike
1-1: Foul Ball, location: 2F
1-2: Ball
2-2: Strikes out swinging
Bottom of the 1st over - 0 run(s), 0 hit(s), 0 error(s), 0 left on base; Jacksonville 1 - Thunder Bay 0
TOP OF THE 2ND
Jacksonville Sharks batting - Pitching for Thunder Bay Northern Lions BC : RHP Makoto Kato
Batting: LHB Chris Henry 0-0: Swinging Strike
0-1: Foul Ball, location: 2F
0-2: Strikes out swinging
Batting: RHB Dave Knight 0-0: Called Strike
0-1: Foul Ball, location: 2F
0-2: Ball
1-2: Fly out, F7 (Flyball, 78S)
Batting: RHB Pat Horton 0-0: Ball
1-0: Called Strike
1-1: Ground out 6-3 (Groundball, 6)
Top of the 2nd over - 0 run(s), 0 hit(s), 0 error(s), 0 left on base; Jacksonville 1 - Thunder Bay 0
BOTTOM OF THE 2ND
Thunder Bay Northern Lions BC batting - Pitching for Jacksonville Sharks : LHP Pat Horton
Batting: SHB Arnold Griffith 0-0: Foul Ball, location: 2F
0-1: Called Strike
0-2: Strikes out looking
Batting: RHB Keith Burnett 0-0: Called Strike
0-1: Ball
1-1: Fly out, F9 (Flyball, 9M)
Batting: RHB Vernon Caw 0-0: SINGLE (Flyball, 89S)
Batting: LHB John Brewer 0-0: Foul Ball, location: 2F
0-1: Ball
1-1: Ground out 1-3 (Groundball, 13S)
Bottom of the 2nd over - 0 run(s), 1 hit(s), 0 error(s), 1 left on base; Jacksonville 1 - Thunder Bay 0
TOP OF THE 3RD
Jacksonville Sharks batting - Pitching for Thunder Bay Northern Lions BC : RHP Makoto Kato
Batting: SHB Gregg Wagner 0-0: Ball
1-0: Ball
2-0: SOLO HOME RUN (Flyball, 8RXD), Distance : 442 ft
Batting: RHB Pedro Cruz 0-0: Called Strike
0-1: Swinging Strike
0-2: Ball
1-2: Foul Ball, location: 2F
1-2: Strikes out swinging
Batting: RHB Luis Muńóz 0-0: Ball
1-0: Swinging Strike
1-1: DOUBLE (Flyball, 89D)
Batting: RHB Bertrand Sunter 0-0: Called Strike
0-1: SINGLE (Line Drive, 56)
Luis Muńóz to third
Runner from 3rd tries for Home, SAFE, throw made home
Batting: SHB Dustin Tucker 0-0: Ball
1-0: Called Strike
1-1: Ball
2-1: SINGLE (Line Drive, 9S)
Bertrand Sunter to second
Batting: RHB Randolph Davis 0-0: Called Strike
0-1: Foul Ball, location: 2F
0-2: Ball
Wild Pitch!
Bertrand Sunter to third
Dustin Tucker to second
1-2: Fly out, F6 (Popup, 6MD)
Batting: LHB Chris Henry 0-0: Ball
1-0: Called Strike
1-1: Foul Ball, location: 2F
1-2: Strikes out swinging
Top of the 3rd over - 2 run(s), 4 hit(s), 0 error(s), 2 left on base; Jacksonville 3 - Thunder Bay 0
BOTTOM OF THE 3RD
Thunder Bay Northern Lions BC batting - Pitching for Jacksonville Sharks : LHP Pat Horton
Batting: RHB Jason Wise 0-0: Called Strike
0-1: Called Strike
0-2: Ball
1-2: Ball
2-2: Fly out, F8 (Flyball, 8LD)
Batting: RHB Makoto Kato 0-0: Ball
1-0: Ball
2-0: Ball
3-0: Called Strike
3-1: Base on Balls
Batting: LHB Arnold Cook 0-0: Ball
1-0: Called Strike
1-1: Called Strike
1-2: Ball
2-2: Foul Ball, location: 2F
2-2: TRIPLE (Line Drive, 5L)
Makoto Kato scores
Batting: RHB Duncan Thomas 0-0: Foul Ball, location: 2F
0-1: Ball
1-1: Called Strike
1-2: Ball
2-2: Fly out, F8 (Flyball, 8RXD)
Runner from 3rd tags up, SCORES, no throw
Batting: LHB David Smith 0-0: SINGLE (Groundball, 34D)
Batting: SHB Arnold Griffith 0-0: Called Strike
0-1: Fly out, F9 (Flyball, 89D)
Bottom of the 3rd over - 2 run(s), 2 hit(s), 0 error(s), 1 left on base; Jacksonville 3 - Thunder Bay 2
TOP OF THE 4TH
Jacksonville Sharks batting - Pitching for Thunder Bay Northern Lions BC : RHP Makoto Kato
Batting: RHB Dave Knight 0-0: Ball
1-0: Ball
2-0: Foul Ball, location: 2F
2-1: Ball
3-1: Fly out, F9 (Flyball, 89M)
Batting: RHB Pat Horton 0-0: Ball
1-0: Swinging Strike
1-1: Ball
2-1: Called Strike
2-2: Ball
3-2: Base on Balls
Batting: SHB Gregg Wagner 0-0: Ball
1-0: Foul Ball, location: 2F
1-1: Foul Ball, location: 2F
1-2: Ball
2-2: Foul Ball, location: 2F
2-2: DOUBLE (Line Drive, 4D)
Pat Horton to third
Batting: RHB Pedro Cruz 0-0: Foul Ball, location: 2F
0-1: Ball
1-1: Foul Ball, location: 2F
1-2: Ball
2-2: Foul Ball, location: 2F
2-2: Ball
3-2: Foul Ball, location: 2F
3-2: Base on Balls
Batting: RHB Luis Muńóz 0-0: Foul Ball, location: 2F
0-1: Foul Ball, location: 2F
0-2: Ball
1-2: Ball
2-2: Foul Ball, location: 2F
2-2: Strikes out swinging
Batting: RHB Bertrand Sunter 0-0: Ball
1-0: Called Strike
1-1: Swinging Strike
1-2: Strikes out looking
Top of the 4th over - 0 run(s), 1 hit(s), 0 error(s), 3 left on base; Jacksonville 3 - Thunder Bay 2
BOTTOM OF THE 4TH
Thunder Bay Northern Lions BC batting - Pitching for Jacksonville Sharks : LHP Pat Horton
Batting: RHB Keith Burnett 0-0: Ball
1-0: Called Strike
1-1: Foul Ball, location: 2F
1-2: Foul Ball, location: 2F
1-2: Ball
2-2: Ground out 5-3 (Groundball, 5)
Batting: RHB Vernon Caw 0-0: Ball
1-0: Foul Ball, location: 2F
1-1: SINGLE (Groundball, 34D)
Batting: LHB John Brewer 0-0: Ball
1-0: Called Strike
1-1: Foul Ball, location: 2F
1-2: Fly out, F1 (Popup, 13S)
Batting: RHB Jason Wise 0-0: Called Strike
0-1: Ball
1-1: Fly out, F7 (Flyball, 78M)
Bottom of the 4th over - 0 run(s), 1 hit(s), 0 error(s), 1 left on base; Jacksonville 3 - Thunder Bay 2
TOP OF THE 5TH
Jacksonville Sharks batting - Pitching for Thunder Bay Northern Lions BC : RHP Makoto Kato
Batting: SHB Dustin Tucker 0-0: Ball
1-0: Foul Ball, location: 2F
1-1: Foul Ball, location: 2F
1-2: Ball
2-2: Ball
3-2: Foul Ball, location: 2F
3-2: Foul Ball, location: 2F
3-2: Base on Balls
Batting: RHB Randolph Davis 0-0: Swinging Strike
0-1: Foul Ball, location: 2F
0-2: Strikes out looking
Batting: LHB Chris Henry 0-0: Fly out, F9 (Flyball, 89M)
Batting: RHB Dave Knight 0-0: Ball
1-0: Ball
2-0: Ball
3-0: Called Strike
3-1: Called Strike
3-2: Base on Balls
Dustin Tucker to second
Batting: RHB Pat Horton 0-0: Ball
1-0: Ball
2-0: Called Strike
2-1: Ball
3-1: Base on Balls
Dustin Tucker to third
Dave Knight to second
Batting: SHB Gregg Wagner 0-0: Ball
1-0: Called Strike
1-1: SINGLE (Line Drive, 6MD)
Dustin Tucker scores
Dave Knight to third
Pat Horton to second
Batting: RHB Pedro Cruz 0-0: Called Strike
0-1: Fly out, F7 (Flyball, 78M)
Top of the 5th over - 1 run(s), 1 hit(s), 0 error(s), 3 left on base; Jacksonville 4 - Thunder Bay 2
BOTTOM OF THE 5TH
Thunder Bay Northern Lions BC batting - Pitching for Jacksonville Sharks : LHP Pat Horton
Pinch Hitting: RHB Jacob Holt 0-0: Called Strike
0-1: Swinging Strike
0-2: Ball
1-2: Ball
2-2: SOLO HOME RUN (Flyball, 7D), Distance : 396 ft
Batting: LHB Arnold Cook 0-0: Called Strike
0-1: Ball
1-1: Called Strike
1-2: Strikes out swinging
Batting: RHB Duncan Thomas 0-0: Ground out 6-3 (Groundball, 6)
Batting: LHB David Smith 0-0: Ball
1-0: Swinging Strike
1-1: Ball
2-1: Called Strike
2-2: Foul Ball, location: 2F
2-2: Fly out, F6 (Line Drive, 6D)
Bottom of the 5th over - 1 run(s), 1 hit(s), 0 error(s), 0 left on base; Jacksonville 4 - Thunder Bay 3
TOP OF THE 6TH
Jacksonville Sharks batting - Pitching for Thunder Bay Northern Lions BC : RHP Makoto Kato
Pitching: LHP Jesús Gonzáles
Batting: RHB Luis Muńóz 0-0: SINGLE (Groundball, 15S) (infield hit)
Batting: RHB Bertrand Sunter 0-0: Foul Ball, location: 2F
0-1: Ball
1-1: Foul Ball, location: 2F
1-2: Ball
2-2: Ball
3-2: Foul Ball, location: 2F
3-2: Fly out, F8 (Flyball, 8RXD)
Batting: SHB Dustin Tucker 0-0: Ball
1-0: Ball
2-0: Foul Ball, location: 2F
2-1: Ball
3-1: Foul Ball, location: 2F
3-2: Base on Balls
Luis Muńóz to second
Batting: RHB Randolph Davis 0-0: Called Strike
0-1: Called Strike
0-2: Strikes out looking
Batting: LHB Chris Henry 0-0: Called Strike
0-1: Ball
1-1: Ball
2-1: Ball
3-1: Base on Balls
Luis Muńóz to third
Dustin Tucker to second
Batting: RHB Dave Knight 0-0: Foul Ball, location: 2F
0-1: Called Strike
0-2: Foul Ball, location: 2F
0-2: Foul Ball, location: 2F
0-2: Ball
1-2: Ball
2-2: Foul Ball, location: 2F
2-2: Ball
3-2: Ground out U3 (Groundball, 3S)
Top of the 6th over - 0 run(s), 1 hit(s), 0 error(s), 3 left on base; Jacksonville 4 - Thunder Bay 3
BOTTOM OF THE 6TH
Thunder Bay Northern Lions BC batting - Pitching for Jacksonville Sharks : LHP Pat Horton
Batting: SHB Arnold Griffith 0-0: Ball
Single, Error in OF, E7, batter to second base
Batting: RHB Keith Burnett 0-0: Called Strike
0-1: Called Strike
0-2: Ball
1-2: Foul Ball, location: 2F
1-2: SINGLE (Flyball, 8RS)
Arnold Griffith to third
Batting: RHB Vernon Caw 0-0: Ground out 6-3 (Groundball, 6M)
Keith Burnett to second
Batting: LHB John Brewer 0-0: Ball
1-0: Fly out, F8 (Line Drive, 8LM)
Batting: RHB Jason Wise 0-0: Fly out, F9 (Flyball, 9D)
Bottom of the 6th over - 0 run(s), 2 hit(s), 1 error(s), 2 left on base; Jacksonville 4 - Thunder Bay 3
TOP OF THE 7TH
Jacksonville Sharks batting - Pitching for Thunder Bay Northern Lions BC : LHP Jesús Gonzáles
Batting: RHB Pat Horton 0-0: Fly out, F6 (Popup, 5D)
Batting: SHB Gregg Wagner 0-0: Ball
1-0: Fly out, F9 (Flyball, 9M)
Batting: RHB Pedro Cruz 0-0: Foul Ball, location: 2F
0-1: Fly out, F4 (Popup, 3D)
Top of the 7th over - 0 run(s), 0 hit(s), 0 error(s), 0 left on base; Jacksonville 4 - Thunder Bay 3
BOTTOM OF THE 7TH
Thunder Bay Northern Lions BC batting - Pitching for Jacksonville Sharks : LHP Pat Horton
Pinch Hitting: LHB Theodore Shaw 0-0: Called Strike
0-1: Ball
1-1: Swinging Strike
1-2: Ball
2-2: Foul Ball, location: 2F
2-2: Strikes out swinging
Batting: LHB Arnold Cook 0-0: Ball
1-0: Called Strike
1-1: Swinging Strike
1-2: Ground out 1-3 (Groundball, 13S)
Batting: RHB Duncan Thomas 0-0: Called Strike
0-1: Foul Ball, location: 2F
0-2: Foul Ball, location: 2F
0-2: Foul Ball, location: 2F
0-2: Ball
1-2: Ball
2-2: Fly out, F7 (Flyball, 78XD)
Bottom of the 7th over - 0 run(s), 0 hit(s), 0 error(s), 0 left on base; Jacksonville 4 - Thunder Bay 3
TOP OF THE 8TH
Jacksonville Sharks batting - Pitching for Thunder Bay Northern Lions BC : LHP Jesús Gonzáles
Pitching: LHP Austin Brown
Batting: RHB Luis Muńóz 0-0: Foul Ball, location: 2F
0-1: Ground out 3-1 (Groundball, 34S)
Batting: RHB Bertrand Sunter 0-0: Ball
1-0: Called Strike
1-1: Ball
2-1: Foul Ball, location: 2F
2-2: Foul Ball, location: 2F
2-2: Foul Ball, location: 2F
2-2: Foul Ball, location: 2F
2-2: Foul Ball, location: 2F
2-2: Foul Ball, location: 2F
2-2: Ball
3-2: Hit by Pitch
Batting: SHB Dustin Tucker 0-0: Called Strike
0-1: Called Strike
0-2: Strikes out swinging
Batting: RHB Randolph Davis 0-0: Called Strike
0-1: Ball
1-1: DOUBLE (Flyball, 89D)
Bertrand Sunter to third
Runner from 3rd tries for Home, throw and OUT!
Top of the 8th over - 0 run(s), 1 hit(s), 0 error(s), 1 left on base; Jacksonville 4 - Thunder Bay 3
BOTTOM OF THE 8TH
Thunder Bay Northern Lions BC batting - Pitching for Jacksonville Sharks : LHP Pat Horton
Now in CF: Forest Simmons
Batting: LHB David Smith 0-0: Ball
1-0: Called Strike
1-1: Ball
2-1: SINGLE (Line Drive, 34)
Batting: SHB Arnold Griffith 0-0: Ball
1-0: Foul Ball, location: 2F
1-1: Called Strike
1-2: Strikes out swinging
Batting: RHB Keith Burnett 0-0: Ball
1-0: Ball
2-0: Ball
3-0: Called Strike
3-1: Fly out, F9 (Flyball, 9D)
Batting: RHB Vernon Caw 0-0: Ball
1-0: Ball
2-0: Fielders Choice at 2nd, 6-4 (Groundball, 6)
Bottom of the 8th over - 0 run(s), 1 hit(s), 0 error(s), 0 left on base; Jacksonville 4 - Thunder Bay 3
TOP OF THE 9TH
Jacksonville Sharks batting - Pitching for Thunder Bay Northern Lions BC : LHP Austin Brown
Batting: LHB Chris Henry 0-0: Called Strike
0-1: Ground out U3 (Groundball, 3L)
Batting: RHB Dave Knight 0-0: Called Strike
0-1: Ball
1-1: Called Strike
1-2: Foul Ball, location: 2F
1-2: Foul Ball, location: 2F
1-2: Fly out, F9 (Flyball, 89D)
Pinch Hitting: RHB Cliff Dixon 0-0: Ball
1-0: Called Strike
1-1: Ball
2-1: Ground out 5-3 (Groundball, 56)
Top of the 9th over - 0 run(s), 0 hit(s), 0 error(s), 0 left on base; Jacksonville 4 - Thunder Bay 3
BOTTOM OF THE 9TH
Thunder Bay Northern Lions BC batting - Pitching for Jacksonville Sharks : LHP Pat Horton
Pitching: RHP Javier Peralta
Batting: LHB John Brewer 0-0: Ball
1-0: Fly out, F8 (Flyball, 8LM)
Batting: RHB Jason Wise 0-0: Foul Ball, location: 2F
0-1: Fly out, F7 (Flyball, 78M)
Pinch Hitting: RHB Fernando Tirado 0-0: Ball
1-0: Called Strike
1-1: Ball
2-1: Foul Ball, location: 2F
2-2: TRIPLE (Groundball, 3L)
Batting: LHB Arnold Cook 0-0: Ball
1-0: Called Strike
1-1: Fly out, F7 (Line Drive, 78S)
Bottom of the 9th over - 0 run(s), 1 hit(s), 0 error(s), 1 left on base; Jacksonville 4 - Thunder Bay 3
This league is powered by Out of the Park Baseball, the baseball management simulation game for PC, Mac and Linux
Monday, May 4th, 2015 - OOTP Baseball 15.6 Build 34